FSL
TAMPA PIRATES @ COCOA FLYERS
07/02/1982
 
TOP OF THE 1ST
Tampa Pirates batting - Pitching for Cocoa Flyers : RHP Marty Mason
Pitching: RHP Marty Mason
Batting: SHB Craig Smajstrla 0-0: Called Strike
0-1: Called Strike
0-2: DOUBLE (Line Drive, 7LS, EV 100.0 MPH)
Batting: LHB David Frederick 0-0: Ball
1-0: Foul Ball, location: 2F
1-1: Foul Ball, location: 2F
1-2: Foul Ball, location: 2F
1-2: Ball
2-2: Ball
3-2: Base on Balls
Batting: LHB Pedro Nunez 0-0: Ball
1-0: Ball
2-0: DOUBLE (Flyball, 78XD, EV 102.5 MPH)
Craig Smajstrla scores
David Frederick to third
Batting: RHB Gregory Norman 0-0: Ball
Passed Ball!
David Frederick scores
Pedro Nunez to third
1-0: Foul Ball, location: 2F
1-1: Foul Ball, location: 2F
1-2: Fly out, F7 (Flyball, 7LS, EV 91.3 MPH)
Batting: LHB Alfredo Rodriguez 0-0: Called Strike
0-1: Fly out, F8 (Flyball, 8RD, EV 85.6 MPH)
Runner from 3rd tags up, SCORES, throw by CF
Batting: RHB Jason Porter 0-0: Called Strike
0-1: Foul Ball, location: 2F
0-2: Ball
1-2: Foul Ball, location: 2F
1-2: Fly out, F7 (Flyball, 78M, EV 76.3 MPH)
Top of the 1st over - 3 runs, 2 hits, 0 errors, 0 left on base; Tampa 3 - Cocoa 0
BOTTOM OF THE 1ST
Cocoa Flyers batting - Pitching for Tampa Pirates : RHP Derek Botelho
Pitching: RHP Derek Botelho
Batting: RHB Danny Arroyo 0-0: Called Strike
0-1: Ball
1-1: Swinging Strike
1-2: Foul Ball, location: 2F
1-2: Foul Ball, location: 2F
1-2: Foul Ball, location: 2F
1-2: SOLO HOME RUN (Flyball, 78XD, EV 95.0 MPH), Distance : 400 ft
Batting: RHB Lorenzo Quintanilla 0-0: SINGLE (Line Drive, 4D, EV 102.5 MPH)
Batting: LHB Mike Jones 0-0: Ball
1-0: Foul Ball, location: 2F
1-1: Ball
2-1: Foul Ball, location: 2F
2-2: Foul Ball, location: 2F
2-2: DOUBLE (Line Drive, 7LM, EV 105.0 MPH)
Lorenzo Quintanilla to third
Runner from 3rd tries for Home, SAFE, no throw by LF
Batting: LHB Gary Robertson 0-0: Ball
1-0: Ball
2-0: Ball
3-0: Base on Balls
Batting: RHB Larry McNutt 0-0: Ball
1-0: Foul Ball, location: 2F
1-1: Ball
2-1: Fly out, F9 (Flyball, 89D, EV 107.5 MPH)
Runner from 2nd tags up, SAFE at 3rd, no throw by RF
Batting: LHB Clint Hurdle 0-0: Called Strike
0-1: 3-RUN HOME RUN (Flyball, 89XD, EV 95.0 MPH), Distance : 398 ft
Batting: SHB Rick Lockwood 0-0: Ground out 4-3 (Groundball, 4, EV 106.3 MPH)
Batting: RHB Miguel Dominguez 0-0: Ball
1-0: Ground out 6-3 (Groundball, 6M, EV 86.9 MPH)
Bottom of the 1st over - 5 runs, 4 hits, 0 errors, 0 left on base; Tampa 3 - Cocoa 5
TOP OF THE 2ND
Tampa Pirates batting - Pitching for Cocoa Flyers : RHP Marty Mason
Batting: RHB Erwin Bryant 0-0: SINGLE (Flyball, 78S, EV 85.6 MPH)
Batting: RHB Steven Young 0-0: Foul Ball, location: 2F
0-1: Ball
1-1: Ball
2-1: Ball
3-1: Called Strike
3-2: Strikes out swinging
Batting: RHB Roy Dixon 0-0: Ball
1-0: Foul Ball, location: 2F
1-1: Ball
2-1: Called Strike
2-2: Strikes out swinging
Batting: SHB Craig Smajstrla 0-0: Ball
1-0: Ball
2-0: Foul Ball, location: 2F
2-1: Ball
3-1: Base on Balls
Erwin Bryant to second
Batting: LHB David Frederick 0-0: Called Strike
0-1: Swinging Strike
0-2: Strikes out swinging
Top of the 2nd over - 0 runs, 1 hit, 0 errors, 2 left on base; Tampa 3 - Cocoa 5
BOTTOM OF THE 2ND
Cocoa Flyers batting - Pitching for Tampa Pirates : RHP Derek Botelho
Batting: RHB Jorge Diaz 0-0: Ball
1-0: Ball
2-0: Foul Ball, location: 2F
2-1: Called Strike
2-2: Ball
3-2: SINGLE (Line Drive, 6MD, EV 100.0 MPH)
Batting: RHB Danny Arroyo 0-0: Ball
1-0: Called Strike
1-1: Ball
2-1: Swinging Strike
2-2: Grounds into double play, 3-6-3 (Groundball, 34, EV 97.5 MPH)
Batting: RHB Lorenzo Quintanilla 0-0: SINGLE (Line Drive, 89M, EV 89.4 MPH)
Batting: LHB Mike Jones 0-0: Fielders Choice at 2nd, 6-4 (Groundball, 6, EV 86.3 MPH)
Bottom of the 2nd over - 0 runs, 2 hits, 0 errors, 1 left on base; Tampa 3 - Cocoa 5
TOP OF THE 3RD
Tampa Pirates batting - Pitching for Cocoa Flyers : RHP Marty Mason
Batting: LHB Pedro Nunez 0-0: Ball
1-0: Swinging Strike
1-1: Foul Ball, location: 2F
1-2: Ball
2-2: Ball
3-2: Ground out 4-3 (Groundball, 4S, EV 86.9 MPH)
Batting: RHB Gregory Norman 0-0: Swinging Strike
0-1: Ball
1-1: Ball
2-1: SINGLE (Line Drive, 7S, EV 105.6 MPH)
Batting: LHB Alfredo Rodriguez 0-0: Called Strike
0-1: Ball
1-1: Ball
2-1: Called Strike
2-2: Ball
3-2: SINGLE (Flyball, 78S, EV 97.5 MPH)
Gregory Norman to second
Batting: RHB Jason Porter 0-0: Called Strike
0-1: Ball
1-1: Ball
2-1: Foul Ball, location: 2F
2-2: Ball
3-2: Foul Ball, location: 2F
3-2: Foul Ball, location: 2F
3-2: Foul Ball, location: 2F
3-2: Base on Balls
Gregory Norman to third
Alfredo Rodriguez to second
Batting: RHB Erwin Bryant 0-0: Called Strike
0-1: Foul Ball, location: 2F
0-2: Grounds into double play, 5-4-3 (Groundball, 56, EV 85.0 MPH)
Top of the 3rd over - 0 runs, 2 hits, 0 errors, 2 left on base; Tampa 3 - Cocoa 5
BOTTOM OF THE 3RD
Cocoa Flyers batting - Pitching for Tampa Pirates : RHP Derek Botelho
Batting: LHB Gary Robertson 0-0: Ball
1-0: Reached via error on a dropped throw from 2B, E3 (Groundball, 4, EV 81.3 MPH)
Batting: RHB Larry McNutt 0-0: Ball
1-0: Grounds into double play, 4-6-3 (Groundball, 4, EV 96.3 MPH)
Batting: LHB Clint Hurdle 0-0: Ball
1-0: Ball
2-0: Foul Ball, location: 2F
2-1: Ball
3-1: Called Strike
3-2: Foul Ball, location: 2F
3-2: Foul Ball, location: 2F
3-2: Ground out 6-3 (Groundball, 6M, EV 108.8 MPH)
Bottom of the 3rd over - 0 runs, 0 hits, 1 error, 0 left on base; Tampa 3 - Cocoa 5
TOP OF THE 4TH
Tampa Pirates batting - Pitching for Cocoa Flyers : RHP Marty Mason
Batting: RHB Steven Young 0-0: Ball
1-0: SINGLE (Groundball, 56D, EV 107.5 MPH)
Batting: RHB Roy Dixon 0-0: Called Strike
0-1: Ball
1-1: Ball
2-1: Foul Ball, location: 2F
2-2: Strikes out swinging
Batting: SHB Craig Smajstrla 0-0: Fielders Choice at 2nd, 6-4 (Groundball, 6, EV 110.6 MPH)
Batting: LHB David Frederick 0-0: Fly out, F8 (Flyball, 78XD, EV 84.4 MPH)
Top of the 4th over - 0 runs, 1 hit, 0 errors, 1 left on base; Tampa 3 - Cocoa 5
BOTTOM OF THE 4TH
Cocoa Flyers batting - Pitching for Tampa Pirates : RHP Derek Botelho
Batting: SHB Rick Lockwood 0-0: Ball
1-0: Foul Ball, location: 2F
1-1: Fly out, F5 (Line Drive, 5, EV 66.9 MPH)
Batting: RHB Miguel Dominguez 0-0: Fly out, F9 (Flyball, 9LS, EV 82.5 MPH)
Batting: RHB Jorge Diaz 0-0: Hit by Pitch
Batting: RHB Danny Arroyo 0-0: Ball
Jorge Diaz steals 2nd base
1-0: SINGLE (Groundball, 6D, EV 97.5 MPH)
Jorge Diaz to third
Runner from 3rd tries for Home, SAFE, throw by LF to home
Batting: RHB Lorenzo Quintanilla 0-0: Ball
1-0: SINGLE (Flyball, 8RS, EV 97.5 MPH)
Danny Arroyo to second
Runner from 2nd tries for 3rd, SAFE, no throw by CF
Batting: LHB Mike Jones 0-0: Ball
1-0: Foul Ball, location: 2F
1-1: Ball
2-1: Ground out 4-3 (Groundball, 4, EV 79.4 MPH)
Bottom of the 4th over - 1 run, 2 hits, 0 errors, 2 left on base; Tampa 3 - Cocoa 6
TOP OF THE 5TH
Tampa Pirates batting - Pitching for Cocoa Flyers : RHP Marty Mason
Batting: LHB Pedro Nunez 0-0: Foul Ball, location: 2F
0-1: Foul Ball, location: 2F
0-2: Ball
1-2: Ground out 6-3 (Groundball, 6, EV 80.0 MPH)
Pitching: RHP Curtis Reade
Batting: RHB Gregory Norman 0-0: Ball
1-0: Called Strike
1-1: Foul Ball, location: 2F
1-2: SINGLE (Groundball, 6D, EV 110.0 MPH)
Batting: LHB Alfredo Rodriguez 0-0: Swinging Strike
0-1: Fly out, F9 (Flyball, 9LD, EV 105.0 MPH)
Batting: RHB Jason Porter 0-0: Called Strike
0-1: Called Strike
0-2: Strikes out swinging
Top of the 5th over - 0 runs, 1 hit, 0 errors, 1 left on base; Tampa 3 - Cocoa 6
BOTTOM OF THE 5TH
Cocoa Flyers batting - Pitching for Tampa Pirates : RHP Derek Botelho
Batting: LHB Gary Robertson 0-0: Ball
1-0: Ball
2-0: Called Strike
2-1: Called Strike
2-2: Strikes out swinging, 2-3 out at first.
Batting: RHB Larry McNutt 0-0: Ball
1-0: Called Strike
1-1: Foul Ball, location: 2F
1-2: Ground out 1-3 (Groundball, 34S, EV 71.3 MPH)
Batting: LHB Clint Hurdle 0-0: Ball
1-0: Ground out U3 (Groundball, 34, EV 82.5 MPH)
Bottom of the 5th over - 0 runs, 0 hits, 0 errors, 0 left on base; Tampa 3 - Cocoa 6
TOP OF THE 6TH
Tampa Pirates batting - Pitching for Cocoa Flyers : RHP Curtis Reade
Batting: RHB Erwin Bryant 0-0: Called Strike
0-1: Fly out, F7 (Flyball, 7S, EV 95.0 MPH)
Batting: RHB Steven Young 0-0: Swinging Strike
0-1: Fly out, F5 (Popup, 6S, EV 67.5 MPH)
Batting: RHB Roy Dixon 0-0: Ball
1-0: Called Strike
1-1: Swinging Strike
1-2: Hit by Pitch
Batting: SHB Craig Smajstrla Pickoff Throw to First - Out! 1-3
Top of the 6th over - 0 runs, 0 hits, 0 errors, 0 left on base; Tampa 3 - Cocoa 6
BOTTOM OF THE 6TH
Cocoa Flyers batting - Pitching for Tampa Pirates : RHP Derek Botelho
Pitching: LHP Mark Riggins
Batting: SHB Rick Lockwood 0-0: Ball
1-0: Swinging Strike
1-1: Ball
2-1: Ball
3-1: Swinging Strike
3-2: Foul Ball, location: 2F
3-2: Foul Ball, location: 2F
3-2: Base on Balls
Batting: RHB Miguel Dominguez 0-0: Ball
1-0: Bunted foul
1-1: Bunt missed!
1-2: Fly out, F9 (Flyball, 9, EV 92.5 MPH)
Batting: RHB Jorge Diaz 0-0: Ball
1-0: Ball
2-0: Called Strike
2-1: Ball
3-1: Foul Ball, location: 2F
3-2: Fly out, F7 (Flyball, 78XD, EV 101.3 MPH)
Runner from 1st tags up, SAFE at 2nd
Batting: RHB Danny Arroyo 0-0: Ground out 6-3 (Groundball, 6, EV 86.9 MPH)
Bottom of the 6th over - 0 runs, 0 hits, 0 errors, 1 left on base; Tampa 3 - Cocoa 6
TOP OF THE 7TH
Tampa Pirates batting - Pitching for Cocoa Flyers : RHP Curtis Reade
Batting: SHB Craig Smajstrla 0-0: Ground out 4-3 (Groundball, 4, EV 86.9 MPH)
Batting: LHB David Frederick 0-0: Called Strike
0-1: Ball
1-1: Ball
2-1: SINGLE (Groundball, 34S, EV 73.8 MPH) (infield hit)
Batting: LHB Pedro Nunez 0-0: Grounds into double play, 5-4-3 (Groundball, 5, EV 103.8 MPH)
Top of the 7th over - 0 runs, 1 hit, 0 errors, 0 left on base; Tampa 3 - Cocoa 6
BOTTOM OF THE 7TH
Cocoa Flyers batting - Pitching for Tampa Pirates : LHP Mark Riggins
Batting: RHB Lorenzo Quintanilla 0-0: Called Strike
0-1: Foul Ball, location: 2F
0-2: Ball
1-2: Ball
2-2: Strikes out swinging
Batting: LHB Mike Jones 0-0: Called Strike
0-1: Reached on error, E4 (Groundball, 4S, EV 77.5 MPH)
Batting: LHB Gary Robertson 0-0: Ball
Mike Jones steals 2nd base (no throw)
1-0: Called Strike
1-1: Foul Ball, location: 2F
1-2: Ball
2-2: Foul Ball, location: 2F
2-2: Fly out, F8 (Line Drive, 8RM, EV 88.1 MPH)
Batting: RHB Larry McNutt 0-0: Called Strike
0-1: Ball
1-1: Foul Ball, location: 2F
1-2: Fly out, F9 (Flyball, 8RS, EV 73.1 MPH)
Bottom of the 7th over - 0 runs, 0 hits, 1 error, 1 left on base; Tampa 3 - Cocoa 6
TOP OF THE 8TH
Tampa Pirates batting - Pitching for Cocoa Flyers : RHP Curtis Reade
Now in RF: Michael Palmer
Batting: RHB Gregory Norman 0-0: Ball
1-0: Ball
2-0: Ball
3-0: Base on Balls
Batting: LHB Alfredo Rodriguez 0-0: Ball
1-0: Foul Ball, location: 2F
1-1: Called Strike
1-2: Ball
2-2: Fly out, F8 (Flyball, 78D, EV 106.9 MPH)
Batting: RHB Jason Porter 0-0: Ball
1-0: Ball
2-0: Called Strike
2-1: Foul Ball, location: 2F
2-2: Strikes out swinging
Pitching: LHP Clifford Mackey
Batting: RHB Erwin Bryant 0-0: Called Strike
0-1: Ball
1-1: Ball
2-1: Swinging Strike
2-2: Ball
3-2: Base on Balls
Gregory Norman to second
Batting: RHB Steven Young 0-0: Foul Ball, location: 2F
0-1: Ball
1-1: SINGLE (Groundball, 4MD, EV 101.9 MPH)
Gregory Norman to third
Erwin Bryant to second
Runner from 3rd tries for Home, SAFE, throw by CF to home
Batting: RHB Roy Dixon 0-0: Ball
1-0: Foul Ball, location: 2F
1-1: Called Strike
1-2: Strikes out swinging
Top of the 8th over - 1 run, 1 hit, 0 errors, 2 left on base; Tampa 4 - Cocoa 6
BOTTOM OF THE 8TH
Cocoa Flyers batting - Pitching for Tampa Pirates : LHP Mark Riggins
Batting: LHB Clint Hurdle 0-0: Called Strike
0-1: Ball
1-1: Ball
2-1: Ground out 4-3 (Groundball, 4, EV 83.8 MPH)
Batting: SHB Rick Lockwood 0-0: Swinging Strike
0-1: Foul Ball, location: 2F
0-2: Ball
1-2: Ground out 6-3 (Groundball, 6, EV 83.1 MPH)
Batting: RHB Miguel Dominguez 0-0: Called Strike
0-1: SINGLE (Groundball, 5S, EV 70.0 MPH) (infield hit)
Pitching: RHP Brian McCaslin
Batting: RHB Jorge Diaz 0-0: Called Strike
0-1: SINGLE (Groundball, 34S, EV 67.5 MPH) (infield hit)
Miguel Dominguez to second
Batting: RHB Danny Arroyo 0-0: Ball
1-0: Ball
2-0: Foul Ball, location: 2F
2-1: Foul Ball, location: 2F
2-2: Foul Ball, location: 2F
2-2: Strikes out looking
Bottom of the 8th over - 0 runs, 2 hits, 0 errors, 2 left on base; Tampa 4 - Cocoa 6
TOP OF THE 9TH
Tampa Pirates batting - Pitching for Cocoa Flyers : LHP Clifford Mackey
Pitching: RHP Jeffery Vail
Batting: SHB Craig Smajstrla 0-0: Ball
1-0: Ball
2-0: Ball
3-0: Called Strike
3-1: Fly out, F3 (Line Drive, 3, EV 67.5 MPH)
Batting: LHB David Frederick 0-0: Ball
1-0: Fly out, F8 (Flyball, 8RS, EV 93.8 MPH)
Batting: LHB Pedro Nunez 0-0: Called Strike
0-1: Foul Ball, location: 2F
0-2: Ball
1-2: DOUBLE (Groundball, 3D, EV 101.3 MPH)
Batting: RHB Gregory Norman 0-0: Ball
Wild Pitch!
Pedro Nunez to third
1-0: Ball
2-0: Called Strike
2-1: Foul Ball, location: 2F
2-2: SINGLE (Groundball, 6MD, EV 100.6 MPH)
Pedro Nunez scores
Batting: LHB Alfredo Rodriguez 0-0: Ball
1-0: Ball
2-0: Swinging Strike
2-1: Foul Ball, location: 2F
2-2: SINGLE (Groundball, 6MS, EV 71.9 MPH) (infield hit)
Gregory Norman to second
Pitching: RHP Kenneth Rabun
Batting: RHB Jason Porter 0-0: Ball
1-0: Foul Ball, location: 2F
1-1: Foul Ball, location: 2F
1-2: Ball
2-2: Ball
3-2: Strikes out looking
Top of the 9th over - 1 run, 3 hits, 0 errors, 2 left on base; Tampa 5 - Cocoa 6
Wednesday, August 12th, 2020 - OOTP Baseball 21.5 Build 76